 Dungeon Crawl Stone Soup version 0.26-a0-682-g294304f6e8 (webtiles) character file.

Game seed: 4310505971972170854

1543 mandarbmax the Grasshopper (level 8, -4/57 HPs)
             Began as a Gnoll Warper on Oct 21, 2020.
             Shot with an arrow by a centaur (8 damage)
             ... on level 5 of the Dungeon.
             The game lasted 00:14:27 (6378 turns).

mandarbmax the Grasshopper (Gnoll Warper)           Turns: 6378, Time: 00:14:28

Health: -4/57      AC:  9    Str: 19    XL:     8   Next: 87%
Magic:  14/17      EV: 14    Int: 16    God:
Gold:   217        SH:  0    Dex: 15    Spells: 5/19 levels left

rFire    . . .     SeeInvis .   s - +0 short sword "Poadd" {drain, *Drain +Rage rN+ Str+4} (curse)
rCold    . . .     Faith    .   (no shield)
rNeg     + . .     Spirit   .   t - +0 ring mail
rPois    .         Reflect  .   (no helmet)
rElec    .         Harm     .   f - +0 cloak
rCorr    .         Rampage  .   (no gloves)
MR       .....                  (no boots)
Stlth    ++........             (no amulet)
HPRegen  0.19/turn              (no ring)
MPRegen  0.15/turn              (no ring)

@: mighty
A: distributed training, fangs 1, yellow scales 1, blurry vision 1, frail 1,
strong nose
a: Evoke Berserk Rage


You were on level 5 of the Dungeon.
You visited 1 branch of the dungeon, and saw 5 of its levels.
You also visited: Sewer.

You collected 217 gold pieces.

Inventory:

Hand Weapons
 a - a +1 falchion
 j - a +0 whip of electrocution
 l - a +0 short sword of speed
 s - the cursed +0 short sword "Poadd" (weapon) {drain, *Drain +Rage rN+ Str+4}
   (You found it on level 4 of the Dungeon)

   A truly terrible weapon, it drains the life of those it strikes.
   It affects your strength (+4).
   It protects you from negative energy.
   It lets you go berserk.
   It causes draining when unequipped.
   It has a curse placed upon it.
Missiles
 e - 3 boomerangs of dispersal
 g - 4 poisoned darts
 n - 7 boomerangs (quivered)
Armour
 f - a +0 cloak (worn)
 t - a +0 ring mail (worn)
Scrolls
 b - 2 scrolls of teleportation
 c - 4 scrolls of remove curse
 d - a scroll of blinking
Potions
 h - 3 potions of flight
 i - a potion of degeneration
 k - 2 potions of resistance
 o - a potion of haste {unknown}
 p - a potion of brilliance {unknown}
 q - a potion of might
 r - a potion of lignification {unknown}
 u - a potion of ambrosia


   Skills:
 + Level 5.9 Fighting
 + Level 3.6 Short Blades
 + Level 5.9 Long Blades
 + Level 3.6 Axes
 + Level 3.6 Maces & Flails
 + Level 3.6 Polearms
 + Level 3.6 Staves
 + Level 3.6 Slings
 + Level 3.6 Bows
 + Level 3.6 Crossbows
 + Level 4.5 Throwing
 + Level 4.5 Armour
 + Level 5.9 Dodging
 + Level 3.6 Stealth
 + Level 3.6 Shields
 + Level 3.6 Unarmed Combat
 + Level 6.2 Spellcasting
 + Level 3.0 Conjurations
 + Level 3.0 Hexes
 + Level 3.0 Summonings
 + Level 3.0 Necromancy
 + Level 6.3 Translocations
 + Level 3.0 Transmutations
 + Level 3.0 Fire Magic
 + Level 3.0 Ice Magic
 + Level 3.0 Air Magic
 + Level 3.0 Earth Magic
 + Level 3.0 Poison Magic
 + Level 4.0 Invocations
 + Level 3.6 Evocations


You had 5 spell levels left.
You knew the following spells:

 Your Spells              Type           Power        Failure   Level
a - Blink                 Tloc           N/A          2%          2
b - Passage of Golubria   Tloc           N/A          17%         4
c - Teleport Other        Tloc           ####....     4%          3
d - Gell's Gravitas       Tloc           ####......   4%          3
e - Ensorcelled Hibernat  Hex/Ice        ##....       10%         2

Your spell library contained the following spells:

 Spells                   Type           Power        Failure   Level
 Lesser Beckoning         Tloc           ####......   4%          3
 Corona                   Hex            ##.....      7%          1
 Confusing Touch          Hex            ##......     21%         3
 Dazzling Flash           Conj/Hex       ##....       21%         3
 Tukima's Dance           Hex            ##......     21%         3


Dungeon Overview and Level Annotations

Branches:
Dungeon (5/15)              Sewer (visited)
 Temple: D:4-7

Altars:
Zin

Annotations:
D:3 3 runed translucent doors, dolemite99's ghost, amateur MiAM


Innate Abilities, Weirdness & Mutations

Your experience applies equally to all skills.
You have very sharp teeth.
Your uncanny sense of smell can sniff out nearby items.
You are partially covered in yellow scales. (AC +2)
Scrolls take you a little longer to read.
You are frail. (-10% HP)


Message History

The gnoll misses you.
The gnoll shaman hits you with a +0 club.
* * * LOW HITPOINT WARNING * * *
Casting: Gell's Gravitas (dangerous; 4% risk of failure)
Confirm with . or Enter, or press ? or * to list all spells.
You blink.
The centaur wields a +0 shortbow.
The centaur shoots an arrow.
The arrow closely misses you.
Casting: Blink (safe; 2% risk of failure)
Confirm with . or Enter, or press ? or * to list all spells.
You blink.
The centaur shoots an arrow.
The arrow hits you.
* * * LOW HITPOINT WARNING * * *
You see here an arrow.
Okay, then.
You aren't carrying any items that you can evoke.
The centaur shoots an arrow.
The arrow hits you but does no damage.
You see here an arrow.
The centaur shoots an arrow.
The arrow hits you!
You die...

.##.......##.............###..##
.........###......#.....###....#
.........###.....##.....###...##
..........#.......#..........##
....................#....#.###
.........#......#.......##.#
.........#..#.###.......####
.....#..###..##.#......#..#
#.#..#..# #.....@(........# ##..
...##................# ##
...###.........(......#
.........#.............##
....###.....)........# ....
#......#g.##..## ##..
#......##g.c....# #
.......##.g#..((##
#.....(...###....#


You could see a centaur and 3 gnolls.

Vanquished Creatures
  Pikel (D:4)
  Grinder (D:4)
  Sigmund (D:5)
  A necrophage (D:5)
  2 ogres (D:4)
  A lemure (D:4)
  A big kobold (Sewer)
  A jelly (D:3)
  An orc priest (D:3)
  3 iguanas (D:4)
  A worker ant (D:5)
  9 adders
  A river rat (Sewer)
  2 oozes
  An adder zombie (D:5)
  3 worms (D:3)
  4 dart slugs
  3 leopard geckos
  15 orcs
  3 ball pythons
  7 bats
  5 giant cockroaches
  8 goblins
  4 hobgoblins
  11 jackals
  7 kobolds
  3 quokkas
  5 frilled lizards
  10 rats
115 creatures vanquished.

Vanquished Creatures (others)
  A fungus (D:3)
  2 plants (D:3)
3 creatures vanquished.

Grand Total: 118 creatures vanquished

Notes
Turn   | Place    | Note
-------+----------+-------------------------------------------
     0 | D:1      | mandarbmax the Gnoll Warper began the quest for the Orb.
     0 | D:1      | Reached XP level 1. HP: 20/20 MP: 6/6
   486 | D:1      | Reached XP level 2. HP: 26/26 MP: 7/7
  1108 | D:2      | Reached XP level 3. HP: 31/31 MP: 9/9
  1114 | D:2      | Reached skill level 5 in Spellcasting
  1215 | D:2      | Reached skill level 1 in Invocations
  1334 | D:2      | Learned a level 2 spell: Blink
  1338 | D:2      | Learned a level 3 spell: Lesser Beckoning
  1342 | D:2      | Learned a level 3 spell: Teleport Other
  1346 | D:2      | Learned a level 3 spell: Gell's Gravitas
  1692 | D:2      | Reached skill level 1 in Short Blades
  1692 | D:2      | Reached skill level 1 in Axes
  1692 | D:2      | Reached skill level 1 in Maces & Flails
  1692 | D:2      | Reached skill level 1 in Polearms
  1692 | D:2      | Reached skill level 1 in Staves
  1692 | D:2      | Reached skill level 1 in Slings
  1692 | D:2      | Reached skill level 1 in Bows
  1692 | D:2      | Reached skill level 1 in Crossbows
  1692 | D:2      | Reached skill level 1 in Stealth
  1692 | D:2      | Reached skill level 1 in Shields
  1692 | D:2      | Reached skill level 1 in Unarmed Combat
  1692 | D:2      | Reached skill level 1 in Evocations
  1988 | D:2      | Reached XP level 4. HP: 26/38 MP: 11/11
  2241 | D:3      | Found a runed translucent gate.
  2241 | D:3      | Found a runed translucent gate.
  2241 | D:3      | Found a runed translucent gate.
  2287 | D:3      | Noticed dolemite99's ghost (amateur MiAM)
  2466 | D:3      | Reached skill level 1 in Conjurations
  2466 | D:3      | Reached skill level 1 in Hexes
  2466 | D:3      | Reached skill level 1 in Summonings
  2466 | D:3      | Reached skill level 1 in Necromancy
  2466 | D:3      | Reached skill level 1 in Transmutations
  2466 | D:3      | Reached skill level 1 in Fire Magic
  2466 | D:3      | Reached skill level 1 in Ice Magic
  2466 | D:3      | Reached skill level 1 in Air Magic
  2466 | D:3      | Reached skill level 1 in Earth Magic
  2466 | D:3      | Reached skill level 1 in Poison Magic
  2487 | D:3      | Found a glowing drain.
  2541 | Sewer    | Entered a sewer
  2553 | Sewer    | Reached XP level 5. HP: 18/43 MP: 12/12
  2558 | Sewer    | Gained mutation: You are frail. (-10% HP) [potion of
                  | mutation]
  2558 | Sewer    | Gained mutation: Scrolls take you a little longer to read.
                  | [potion of mutation]
  2558 | Sewer    | Gained mutation: You are partially covered in yellow
                  | scales. (AC +2) [potion of mutation]
  2811 | Sewer    | Noticed a big kobold
  3032 | Sewer    | Killed a big kobold
  3306 | Sewer    | Found a white marble altar of Elyvilon.
  3441 | D:3      | Reached XP level 6. HP: 34/45 MP: 13/13
  3559 | D:3      | Found a glowing silver altar of Zin.
  3680 | D:3      | Reached skill level 5 in Fighting
  3680 | D:3      | Reached skill level 5 in Long Blades
  3680 | D:3      | Reached skill level 5 in Dodging
  4518 | D:4      | Learned a level 4 spell: Passage of Golubria
  4734 | D:4      | Noticed Grinder
  4736 | D:4      | Paralysed by Grinder for 4 turns
  4744 | D:4      | Paralysed by Grinder for 2 turns
  4754 | D:4      | Paralysed by Grinder for 5 turns
  4773 | D:4      | Paralysed by Grinder for 3 turns
  4776 | D:4      | Killed Grinder
  4776 | D:4      | Reached XP level 7. HP: 14/50 MP: 15/15
  5085 | D:4      | Learned a level 2 spell: Ensorcelled Hibernation
  5268 | D:4      | Got a steaming short sword
  5269 | D:4      | Identified the cursed +0 short sword "Poadd" {drain, *Drain
                  | +Rage rN+ Str+4} (You found it on level 4 of the Dungeon)
  5893 | D:4      | Noticed Pikel
  5919 | D:4      | Killed Pikel
  5919 | D:4      | Reached XP level 8. HP: 57/57 MP: 15/17
  6090 | D:5      | Entered Level 5 of the Dungeon
  6258 | D:5      | Noticed Sigmund
  6287 | D:5      | Killed Sigmund
  6378 | D:5      | Shot with an arrow by a centaur

Illustrated notes

Levels and vault maps discovered:
D:1:      elethiomel_arrival_infinity_welcomes_careful_drivers, layout_basic,
          chequers_serial_rivers_micro_c, kennysheep_boxes
D:2:      layout_loops_corners
D:3:      minmay_recursive_quarters, layout_basic, lemuel_round_altar,
          gammafunk_ghost_nasty_kobolds, cheibrodos_sewer_entry_drain
D:4:      layout_loops_corners, st_stairs_7, uniq_pikel, uniq_grinder
D:5:      layout_cave_pools, uniq_sigmund, uniq_prince_ribbit1

Skill      XL: |  1  2  3  4  5  6  7  8 |
---------------+-------------------------+-----
Spellcasting   | 5 6 |  6.2
Invocations    | 1 2 3 4 |  4.0
Short Blades   | 1 2 3 |  3.6
Axes           | 1 2 3 |  3.6
Maces & Flails | 1 2 3 |  3.6
Polearms       | 1 2 3 |  3.6
Staves         | 1 2 3 |  3.6
Slings         | 1 2 3 |  3.6
Bows           | 1 2 3 |  3.6
Crossbows      | 1 2 3 |  3.6
Stealth        | 1 2 3 |  3.6
Shields        | 1 2 3 |  3.6
Unarmed Combat | 1 2 3 |  3.6
Evocations     | 1 2 3 |  3.6
Conjurations   | 1 2 3 |  3.0
Hexes          | 1 2 3 |  3.0
Summonings     | 1 2 3 |  3.0
Necromancy     | 1 2 3 |  3.0
Transmutations | 1 2 3 |  3.0
Fire Magic     | 1 2 3 |  3.0
Ice Magic      | 1 2 3 |  3.0
Air Magic      | 1 2 3 |  3.0
Earth Magic    | 1 2 3 |  3.0
Poison Magic   | 1 2 3 |  3.0
Throwing       | 3 4 |  4.5
Armour         | 3 4 |  4.5
Fighting       | 5 |  5.9
Long Blades    | 5 |  5.9
Dodging        | 5 |  5.9
Translocations | 6 |  6.3

Action                   |  1- 3 |  4- 6 |  7- 9 || total
-------------------------+-------+-------+-------++-------
Melee: Falchion          |   110 |   224 |     1 ||   335
       Bite              |    11 |    31 |     8 ||    50
       Whip              |       |    49 |       ||    49
       Punch             |       |     2 |     3 ||     5
       Short sword       |       |       |    92 ||    92
Throw: Dart              |       |    14 |     4 ||    18
       Boomerang         |       |     1 |     3 ||     4
 Cast: Gell's Gravitas   |       |     5 |     4 ||     9
       Blink             |       |     1 |     3 ||     4
       Ensorcelled Hiber |       |       |     4 ||     4
 Abil: Evoke Berserk Rag |       |       |     3 ||     3
  Use: Scroll            |       |     9 |     1 ||    10
       Potion            |       |     4 |     2 ||     6
 Stab: Sleeping          |     1 |     4 |     3 ||     8
Armor: Leather armour    |    30 |    48 |       ||    78
       Ring mail         |       |     9 |    20 ||    29
Dodge: Dodged            |    79 |   180 |    70 ||   329
       Rpst.: Falchion   |    34 |    41 |       ||    75

Table legend: (Time is in decaauts)
 A = Elapsed time spent in this place.
 B = Non-inter-level travel time spent in this place.
 C = Inter-level travel time spent in this place.
 D = Time resting spent in this place.
 E = Time spent auto-exploring this place.
 F = Levels seen in this place.
 G = Mean time per level.
                   A        B        C        D        E       F      G
               +--------+--------+--------+--------+--------+-----+--------+
         Total |   6488 |   6196 |    292 |   1645 |   3282 |   6 | 1081.3 |
       Dungeon |   5644 |   5352 |    292 |   1098 |   3125 |   5 | 1128.8 |
         Sewer |    844 |    844 |      0 |    546 |    157 |   1 |  844.0 |
               +--------+--------+--------+--------+--------+-----+--------+

Top non-repeatable levels by time:
     D:4: 1551 daAuts
     D:3: 1539 daAuts
     D:2: 1144 daAuts
     D:1: 1125 daAuts
   Sewer: 844 daAuts
     D:5: 284 daAuts
